 Dungeon Crawl Stone Soup version 0.28-a0-983-g1de4e0787c (webtiles) character file.

Game seed: 14958262646925398480

112182 demibob the Bludgeoner (level 16, -10/118 HPs)
             Began as a Demonspawn Chaos Knight on Dec 3, 2021.
             Was a Plaything of Xom.
             Mangled by a tyrant leech (11 damage)
             ... while paralysed by a fenstrider witch
             ... on level 2 of the Swamp.
             The game lasted 01:25:21 (27885 turns).

demibob the Bludgeoner (Demonspawn Chaos Knight)   Turns: 27885, Time: 01:25:21

Health: -10/118    AC: 35    Str: 22    XL:     16   Next: 11%
Magic:  14/14      EV:  2    Int: 16    God:    Xom [.*....]
Gold:   1546       SH:  0    Dex: 16    Spells: 15/15 levels left

rFire   + + .      SeeInvis +   a - +3 great mace (vorpal)
rCold   . . .      Faith    .   (shield currently unavailable)
rNeg    . . .      Spirit   .   x - +2 crystal plate armour {rC+}
rPois   .          Reflect  .   (helmet unavailable)
rElec   +          Harm     .   E - +2 cloak
rCorr   +          Rampage  .   c - +0 pair of gloves
Will    ++...                   P - +2 pair of boots {Stlth+}
Stlth   ..........              n - amulet of regeneration
HPRegen 1.09/turn               G - ring "Isuhaase" {Fire rElec rCorr Dex+5 SInv Stlth-}
MPRegen 0.14/turn               L - ring of flight

@: paralysed, agile, lethally poisoned (-10 -> -13), flying
A: horns 3, demonic guardian 2, powered by pain 3, sturdy frame 2, claws 2,
clever 1, clumsy 1, deterioration 1, fire resistance 1, low mp 1, strong-willed
1, strong 1
a: Renounce Religion


You were on level 2 of the Swamp.
You worshipped Xom.
You were a plaything of Xom.
You visited 4 branches of the dungeon, and saw 25 of its levels.
You also visited: Bailey, Ice Cave and Volcano.

You collected 2636 gold pieces.
You spent 1090 gold pieces at shops.


Innate Abilities, Weirdness & Mutations

You have a pair of large horns on your head.
A demonic guardian rushes to your aid.
You are powered by pain.
Your movements are less encumbered by armour. (ER -4)
You have very sharp fingernails.
Your mind is acute. (Int +2)
You are clumsy. (Dex -2)
Your body sometimes deteriorates upon taking damage.
Your flesh is heat resistant. (rF+)
Your magical capacity is low. (-10% MP)
You are strong-willed. (Will+)
Your muscles are strong. (Str +2)


   Skills:
 - Level 8.5 Fighting
 * Level 19.6 Maces & Flails
 - Level 15.7 Armour
 - Level 7.2 Dodging


You had 15 spell levels left.
You didn't know any spells.
Your spell library contained the following spells:

 Spells                   Type           Power      Damage    Failure   Level
 Animate Skeleton         Necr           0%         N/A       96%         1
 Beastly Appendage        Tmut           0%         N/A       96%         1
 Foxfire                  Conj/Fire      0%         2x1d4     96%         1
 Pain                     Necr           0%         1d4       96%         1
 Sandblast                Erth           0%         2d4       96%         1
 Slow                     Hex            0%         N/A       96%         1
 Corpse Rot               Necr/Air       0%         N/A       99%         2
 Passwall                 Tmut/Erth      0%         N/A       99%         2
 Wereblood                Tmut           0%         N/A       99%         2
 Confusing Touch          Hex            0%         N/A       100%        3
 Conjure Flame            Conj/Fire      0%         6-21      100%        3
 Dazzling Flash           Conj/Hex       0%         N/A       100%        3
 Gell's Gravitas          Tloc           0%         N/A       100%        3
 Inner Flame              Hex/Fire       0%         N/A       100%        3
 Lesser Beckoning         Tloc           0%         N/A       100%        3
 Spider Form              Tmut/Pois      0%         N/A       100%        3
 Stone Arrow              Conj/Erth      0%         3d7       100%        3
 Teleport Other           Tloc           0%         N/A       100%        3
 Vampiric Draining        Necr           0%         2d6       100%        3
 Airstrike                Air            0%         N/A       100%        4
 Animate Dead             Necr           0%         N/A       100%        4
 Dispel Undead            Necr           0%         3d6       100%        4
 Flame Wave               Conj/Fire      0%         2d4       100%        4
 Iskenderun's Mystic Bla  Conj/Tloc      0%         2d3       100%        4
 Passage of Golubria      Tloc           0%         N/A       100%        4
 Summon Lightning Spire   Summ/Air       0%         N/A       100%        4
 Borgnjor's Vile Clutch   Necr/Erth      0%         N/A       100%        5
 Lightning Bolt           Conj/Air       0%         1d11      100%        5
 Silence                  Hex/Air        0%         N/A       100%        5
 Death Channel            Necr           0%         N/A       100%        6
 Starburst                Conj/Fire      0%         6d3       100%        6
 Summon Hydra             Summ           0%         N/A       100%        7
 Lehudib's Crystal Spear  Conj/Erth      0%         10d2      100%        8
 Necromutation            Tmut/Necr      0%         N/A       100%        8
 Summon Horrible Things   Summ           0%         N/A       100%        8
 Dragon's Call            Summ           0%         N/A       100%        9
 Shatter                  Erth           0%         3d5*      100%        9

Inventory:

Hand Weapons
 a - a +3 vorpal great mace (weapon)
 b - a +3 whip of electrocution
Missiles
 j - 10 curare-tipped darts (quivered) {=f}
Armour
 c - a +0 pair of gloves (worn)
 x - a +2 crystal plate armour of cold resistance (worn)
 A - a +2 plate armour of fire resistance
 E - a +2 cloak (worn)
 P - a +2 pair of boots of stealth (worn)
Magical Staves
 I - a staff of cold {!a}
Jewellery
 n - an amulet of regeneration (around neck)
 v - a ring of see invisible
 C - a ring of ice
 G - the ring "Isuhaase" (left hand) {Fire rElec rCorr Dex+5 SInv Stlth-}
   (You acquired it on level 4 of the Lair of Beasts)

   [ring of fire]

   It enhances your fire magic.
   Dex:       It affects your dexterity (+5).
   rF:        It protects you from fire.
   rC:        It makes you vulnerable to cold.
   rElec:     It insulates you from electricity.
   SInv:      It lets you see invisible.
   rCorr:     It protects you from acid and corrosion.
   Stlth:     It makes you less stealthy.
 L - a ring of flight (right hand)
 M - a ring of magical power
 R - a ring of resist corrosion
 Y - a +4 ring of slaying
 Z - a ring of wizardry
Wands
 e - a wand of acid (17)
 m - a wand of iceblast (3)
 u - a wand of polymorph (7)
 y - a wand of flame (28)
 F - a wand of digging (1)
 O - a wand of mindburst (9)
Scrolls
 g - 3 scrolls of teleportation {@r2}
 q - 4 scrolls of identify {@r1}
 D - 3 scrolls of torment
 J - 3 scrolls of fog
 Q - a scroll of noise
 T - 2 scrolls of magic mapping
 W - a scroll of holy word
Potions
 d - 2 potions of might
 f - 5 potions of flight
 h - 7 potions of curing {@q1}
 i - 6 potions of brilliance
 l - 3 potions of lignification
 p - 4 potions of cancellation
 t - a potion of invisibility
 w - 2 potions of haste {@q3}
 z - 5 potions of attraction
 K - 2 potions of heal wounds {@q2}
 N - a potion of resistance
 S - a potion of ambrosia
Miscellaneous
 k - a phantom mirror (inert)
 o - a box of beasts (inert)
 r - a lightning rod (2/4)

Dungeon Overview and Level Annotations

Branches:
Dungeon (15/15)            Temple (0/1) D:5            Lair (6/6) D:8
  Swamp (2/4) Lair:2       Spider (0/4) Lair:4        Slime (0/5) Lair:5
    Orc (2/2) D:9             Elf (0/3) Orc:2        Vaults (0/5) D:13
 Depths (0/4) D:15         Bailey (visited)           IceCv (visited)
Volcano (visited)

Altars:
Hepliaklqana
Qazlal
Ru
Trog
Uskayaw
Wu Jian
Xom
Yredelemnul
Zin
Beogh
Jiyva

Shops:
D:1 (   D:9 ?   Orc:2 :!*?

Annotations:
Lair:4 1 runed translucent door, Xutikh's ghost, journeyman SpCA
Lair:5 1 runed translucent door
Lair:6 2 transporters, Vayczud's ghost, journeyman TrMo w

≈≈. w >.≈.
D>... w ≈≈≈.
v ♣.≈ ≈≈..§
♣.≈≈ ♣≈≈..≈
..♣♣ ♣≈§.≈.≈
♣≈≈♣♣≈≈≈≈≈..
♣..≈i≈≈≈≈..
♣.Hw≈≈≈≈≈≈§
♣♣@§w≈≈≈≈≈≈
♣35≈§≈§≈≈≈
♣.§.≈≈≈≈..
♣≈≈♣......
♣♣♣♣♣♣♣♣♣.


You could see a fenstrider witch (invisible), a tyrant leech (ally target), a
spriggan rider, a swamp worm (ally target), a friendly smoke demon (summoned)
and a friendly iron imp (summoned).


Message History

The fenstrider witch points at you and mumbles some strange words.
The toxic sludge hits you!
You are poisoned.
* * * LOW HITPOINT WARNING * * *
The swamp worm bites your white imp but does no damage.
Your white imp hits the swamp worm.
Your white imp freezes the swamp worm.
The fenstrider witch points at you and mumbles some strange words.
You suddenly lose the ability to move!
You feel very sick.
The spriggan rider hits you but does no damage.
The swamp worm bites your white imp. The tyrant leech bites you!!
* * * LOW HITPOINT WARNING * * *
The tyrant leech draws strength from your injuries!
Your iron imp misses the swamp worm.
Your white imp completely misses the swamp worm.
You feel very sick.
The swamp worm fires a harpoon shot at you.
The harpoon shot hits your white imp!
Your white imp dies!
Your white imp disappears in a puff of smoke!
The fenstrider witch completely misses you.
The fenstrider witch kicks you!
* * * LOW HITPOINT WARNING * * *
A demonic guardian appears!
The spriggan rider hits you from afar with a +0 spear!
* * * LOW HITPOINT WARNING * * *
Xom thinks this is hilarious!
The tyrant leech bites you!
You die...
Xom roars with laughter!

Skill      XL: |  1  2  3  4  5  6  7  8  9 10 11 12 13 14 15 |
---------------+----------------------------------------------+-----
Maces & Flails | 3 4 5 6 7 8 10 12 14 15 16 19 | 19.6
Armour         | 2 4 5 11 13 15 | 15.7
Dodging        | 5 6 7 |  7.2
Fighting       | 6 8 |  8.5

Action                   |  1- 3 |  4- 6 |  7- 9 | 10-12 | 13-15 | 16-18 || total
-------------------------+-------+-------+-------+-------+-------+-------++-------
Melee: Mace              |   105 |   145 |    60 |       |       |       ||   310
       Headbutt          |    12 |    19 |    44 |   129 |   457 |    10 ||   671
       Morningstar       |       |       |   176 |     1 |       |       ||   177
       Whip              |       |       |       |   636 |  1382 |       ||  2018
       Bite              |       |       |       |    24 |       |       ||    24
       Great mace        |       |       |       |       |   248 |    25 ||   273
Evoke: Wand              |       |       |     2 |     2 |    10 |    10 ||    24
       Lightning rod     |       |       |       |     7 |     8 |       ||    15
       Phantom mirror    |       |       |       |     1 |     2 |       ||     3
       Box of beasts     |       |       |       |       |     1 |       ||     1
  Use: Scroll            |     5 |     5 |     6 |     7 |    28 |     1 ||    52
       Potion            |       |     2 |     5 |     4 |     9 |     1 ||    21
 Stab: Sleeping          |     2 |       |       |     2 |       |       ||     4
       Paralysed         |     3 |       |       |       |       |       ||     3
       Petrified         |     2 |       |     4 |       |     7 |       ||    13
       Petrifying        |     2 |       |       |       |     1 |       ||     3
       Distracted        |       |     1 |     1 |     1 |     5 |       ||     8
       Confused          |       |       |     1 |     2 |     5 |     2 ||    10
       Invisible         |       |       |       |     5 |       |       ||     5
Armor: Leather armour    |    32 |    63 |    77 |    46 |       |       ||   218
       Ring mail         |       |     4 |    19 |       |       |       ||    23
       Scale mail        |       |       |     8 |       |       |       ||     8
       Robe              |       |       |       |     9 |       |       ||     9
       Chain mail        |       |       |       |    59 |       |       ||    59
       Crystal plate arm |       |       |       |    97 |   848 |    26 ||   971
       Skin              |       |       |       |       |     3 |       ||     3
Dodge: Dodged            |    43 |    60 |   193 |   173 |   547 |     4 ||  1020

Levels and vault maps discovered:
D:1:      heliophobic_arrival_dark_side_of_the_moon, layout_loops_ring,
          shapermc_ecumenical_altar_venn, serial_shops, shop
D:2:      layout_rooms, chequers_big_river, hangedman_decor_clover_reticule
D:3:      layout_rooms, zin_scriptorium, serial_glass, glass_columns_a,
          glass_columns_b, minmay_lizard_king, uniq_natasha, uniq_jessica,
          uniq_terence
D:4:      layout_basic
D:5:      layout_loops_ring, minmay_temple_entry_nine_rooms
D:6:      layout_loops_ring, mainiacjoe_overflow_cross_hatched,
          mainiacjoe_overflow_alcove_2, uniq_eustachio
D:7:      layout_layer_cave, enter_bailey_5, uniq_pikel
D:8:      layout_rooms, dpeg_lair_monsters, special_room [special_room_orc]
D:9:      cheibrodos_frozen_isle, layout_basic, xom_shifter_show,
          eat_drink_and_be_merry_uskayaw, minmay_orc_entry_temple_small,
          serial_shops, nicolae_square_shop, minmay_diamond_spiral, uniq_erica
D:10:     layout_basic, yredelemnul_forgotten_temple_becter
D:11:     layout_roguey, worldfamousw_hep_ancestral_shrine
D:12:     layout_cave_pools, portal_ice_cave_entry_ice_simulacra
D:13:     layout_roguey, grunt_vaults_entry_fortified
D:14:     layout_roguey, minivault_26, uniq_louise
D:15:     gammafunk_depths_entry_grave, layout_loops_ring,
          nicolae_qazlal_general_emergency, st_stairs_2, minmay_crystal_room
Lair:1:   layout_chaotic_city, lemuel_fruit_tree, uniq_gastronok, uniq_joseph
Lair:2:   layout_cave_pods, minmay_swamp_entry_worms
Lair:3:   layout_long_grid
Lair:4:   layout_loops_ring, nicolae_spider_entry_tight_spaces,
          ebering_ghost_reflecting_pool
Lair:5:   layout_small_grid, slime_altar_2, nicolae_volcano_entry_lava_flow,
          patterned_corridor, grunt_megastairs_4
Lair:6:   guppyfry_lair_end_dragon, layout_loops_ring,
          gammafunk_ghost_wrathful_warriors, grunt_forest_small_clearings
Swamp:1:  layout_falls_marsh, swamp_pool5, uniq_jorgrun, uniq_nikola,
          uniq_mlioglotl
Swamp:2:  layout_basic_swamp, hangedman_swamp_ruin_wall, swamp_pool3
Orc:1:    layout_diamond_mine, minmay_orc_temple_c, uniq_sonja, uniq_urug
Orc:2:    st_orc_elflike, layout_diamond_mine, basic_altar

Notes
Turn   | Place    | Note
-------+----------+-------------------------------------------
     0 | D:1      | demibob the Demonspawn Chaos Knight began the quest for the
                  | Orb.
     0 | D:1      | Reached XP level 1. HP: 18/18 MP: 1/1
    64 | D:1      | Reached skill level 3 in Maces & Flails
   148 | D:1      | Found Daewnar's Weapon Boutique.
   157 | D:1      | Gained mutation: You have a pair of small horns on your
                  | head. [demonic ancestry]
   157 | D:1      | Reached XP level 2. HP: 16/24 MP: 2/2
   158 | D:1      | XOM: divination: magic mapping
   358 | D:1      | XOM: divination: magic mapping
   450 | D:1      | XOM is BORED!
   450 | D:1      | XOM: silly message
   520 | D:1      | Found a faded altar of an unknown god.
   689 | D:1      | XOM: silly message
   910 | D:1      | Gained mutation: Your movements are slightly less
                  | encumbered by armour. (ER -2) [demonic ancestry]
   910 | D:1      | Reached XP level 3. HP: 29/29 MP: 3/3
  1144 | D:2      | XOM: silly message
  1288 | D:2      | Reached skill level 4 in Maces & Flails
  1471 | D:1      | XOM: silly message
  1687 | D:2      | Identified a potion of resistance
  2309 | D:3      | Reached XP level 4. HP: 28/35 MP: 4/4
  2374 | D:3      | Noticed an ice beast
  2386 | D:3      | Killed an ice beast
  2387 | D:3      | Reached skill level 5 in Maces & Flails
  2387 | D:3      | Gained mutation: A weak demonic guardian rushes to your
                  | aid. [demonic ancestry]
  2387 | D:3      | Reached XP level 5. HP: 9/41 MP: 5/5
  2641 | D:3      | Noticed Terence
  2641 | D:3      | Noticed Jessica
  2651 | D:3      | Killed Terence
  2654 | D:3      | Killed Jessica
  2904 | D:3      | Noticed Natasha
  2911 | D:3      | Killed Natasha
  2912 | D:3      | Reached skill level 6 in Maces & Flails
  3018 | D:3      | Noticed Natasha
  3028 | D:3      | Killed Natasha
  3029 | D:3      | Gained mutation: You sometimes gain a little power by
                  | taking damage. [demonic ancestry]
  3029 | D:3      | Reached XP level 6. HP: 35/47 MP: 6/6
  3064 | D:3      | Noticed Natasha
  3072 | D:3      | Killed Natasha
  3473 | D:3      | XOM: fog
  3527 | D:4      | XOM: give mutations
  3527 | D:4      | Gained mutation: You possess an exceptional clarity of
                  | mind. [Xom's grace]
  3527 | D:4      | Gained mutation: Your system is resistant to poisons.
                  | (rPois) [Xom's grace]
  3527 | D:4      | Gained mutation: You expend magic power (3 MP) to
                  | strengthen your wands. [Xom's grace]
  3920 | D:4      | XOM: scenery: create altars
  4139 | D:4      | XOM: cloud trail
  4362 | D:4      | Reached skill level 7 in Maces & Flails
  4752 | D:5      | Entered Level 5 of the Dungeon
  4772 | D:5      | Reached skill level 2 in Armour
  4776 | D:5      | Gained mutation: A demonic guardian rushes to your aid.
                  | [demonic ancestry]
  4776 | D:5      | Reached XP level 7. HP: 52/52 MP: 7/7
  4785 | D:5      | XOM: enchant monster (good)
  4802 | D:5      | Reached skill level 3 in Armour
  4874 | D:5      | XOM: god gift: +2 hand crossbow of chaos
  4904 | D:5      | XOM: god gift: book of Debilitation
  4978 | D:5      | Reached skill level 8 in Maces & Flails
  4978 | D:5      | Reached skill level 4 in Armour
  4978 | D:5      | Gained mutation: You sometimes gain power by taking damage.
                  | [demonic ancestry]
  4978 | D:5      | Reached XP level 8. HP: 39/57 MP: 8/8
  5143 | D:5      | Reached skill level 5 in Armour
  5448 | D:1      | Bought a +2 morningstar of protection for 184 gold pieces
  5563 | D:5      | Reached skill level 9 in Maces & Flails
  5605 | D:5      | Found a staircase to the Ecumenical Temple.
  5839 | D:6      | XOM: give mutation
  5839 | D:6      | Gained mutation: Armour fits poorly on your strangely
                  | shaped body. [Xom's mischief]
  5983 | D:2      | XOM: cloud trail
  6170 | D:6      | Found a sacrificial altar of Ru.
  6304 | D:6      | Noticed Eustachio
  6306 | D:6      | XOM: fog
  6331 | D:6      | Killed Eustachio
  6332 | D:6      | Reached skill level 10 in Maces & Flails
  6332 | D:6      | Gained mutation: You have a pair of horns on your head.
                  | [demonic ancestry]
  6332 | D:6      | Reached XP level 9. HP: 59/63 MP: 9/9
  6398 | D:6      | XOM: summons friendly quasit
  6567 | D:6      | Found an ornate altar of the Wu Jian Council.
  6724 | D:6      | XOM: scenery: create altars
  6741 | D:7      | Found a flagged portal.
  6757 | Bailey   | Entered a bailey
  6777 | Bailey   | Noticed an orc knight
  6792 | Bailey   | Killed an orc knight
  6793 | Bailey   | Reached skill level 11 in Maces & Flails
  6838 | Bailey   | Found the +6 shillelagh "Devastator" {shatter}
  6876 | Bailey   | Lost mutation: You expend magic power (3 MP) to strengthen
                  | your wands. [potion of mutation]
  6876 | Bailey   | Lost mutation: You possess an exceptional clarity of mind.
                  | [potion of mutation]
  6876 | Bailey   | Gained mutation: Your skin changes colour to match your
                  | surroundings (Stealth+). [potion of mutation]
  6876 | Bailey   | Gained mutation: You have hidden genetic potential. [potion
                  | of mutation]
  6972 | D:7      | You fall into a shaft and drop 3 floors!
  6972 | D:10     | Entered Level 10 of the Dungeon
  7031 | D:10     | Reached skill level 12 in Maces & Flails
  7053 | D:10     | XOM: cast spell 'Cause Fear'
  7084 | D:9      | Noticed an ice devil
  7091 | D:9      | Noticed an ice devil
  7092 | D:9      | Noticed an ice devil
  7125 | D:9      | Found Utick's Magic Scroll Shop.
  7200 | D:7      | Noticed Pikel
  7222 | D:7      | Killed Pikel
  7223 | D:7      | Reached XP level 10. HP: 43/70 MP: 10/10
  7224 | D:7      | XOM: fake destruction
  7229 | D:7      | HP: 6/70 [centaur (5)]
  7245 | D:7      | XOM: god gift: phantom mirror
  7276 | D:7      | XOM: scenery: create altars
  7450 | D:7      | XOM: god gift: 12 gold pieces
  7468 | D:7      | XOM: chaos cloud
  8442 | D:8      | Reached skill level 13 in Maces & Flails
  8546 | D:8      | Noticed a death yak
  8654 | D:8      | Noticed a death yak
  8661 | D:8      | XOM: scenery: summon butterflies
  8665 | D:8      | Noticed a death yak
  8675 | D:8      | XOM: fog
  8675 | D:8      | Killed a death yak
  8691 | D:8      | Gained mutation: You have very sharp teeth. [hidden
                  | potential]
  8738 | D:9      | XOM: destruction
  8814 | D:9      | XOM: fake destruction
  8815 | D:9      | XOM: scenery: create altars
  8834 | D:9      | Found a staircase to the Orcish Mines.
  8878 | D:9      | XOM: 2-stop teleportation journey
  8893 | D:9      | Noticed a gargoyle
  8894 | D:9      | Noticed a centaur warrior
  8894 | D:9      | Noticed a tengu warrior
  8905 | D:9      | Noticed a two-headed ogre
  8911 | D:9      | Killed a two-headed ogre
  8912 | D:9      | Reached skill level 14 in Maces & Flails
  8923 | D:9      | Killed a centaur warrior
  8927 | D:9      | Killed a tengu warrior
  8928 | D:9      | Gained mutation: You have a pair of large horns on your
                  | head. [demonic ancestry]
  8928 | D:9      | Reached XP level 11. HP: 50/75 MP: 11/11
  8930 | D:9      | Noticed a deep elf pyromancer
  8972 | D:9      | Found a shimmering altar of Xom.
  8993 | D:9      | Noticed Erica
  9001 | D:9      | Paralysed by Erica for 6 turns
  9009 | D:9      | Killed Erica
  9010 | D:9      | Reached skill level 15 in Maces & Flails
  9073 | D:8      | Reached skill level 1 in Dodging
  9410 | D:9      | XOM: fake destruction
  9473 | D:9      | XOM: 1-stop teleportation journey
  9625 | D:9      | Found a hide-covered altar of Uskayaw.
  9661 | D:9      | Reached skill level 2 in Dodging
  9675 | D:9      | Gained mutation: You have sharp toenails. [hidden
                  | potential]
  9675 | D:9      | Lost mutation: You have hidden genetic potential. [hidden
                  | potential expressed]
  9734 | D:9      | Found a shimmering altar of Xom.
  9741 | D:9      | Found a shimmering altar of Xom.
  9745 | D:9      | Found a shimmering altar of Xom.
  9830 | D:9      | Found a shimmering altar of Xom.
  9833 | D:9      | Found a shimmering altar of Xom.
  9833 | D:9      | Found a shimmering altar of Xom.
  9851 | D:9      | XOM: divination: magic mapping
  9855 | D:9      | Reached skill level 4 in Fighting
 10010 | D:9      | Killed a deep elf pyromancer
 10083 | D:10     | Noticed a two-headed ogre
 10095 | D:10     | Killed a two-headed ogre
 10096 | D:10     | Reached skill level 3 in Dodging
 10387 | D:10     | Found a basalt altar of Yredelemnul.
 10567 | D:10     | XOM: cast spell 'Leda's Liquefaction'
 10598 | D:10     | XOM: god gift: 15 gold pieces
 10758 | D:10     | XOM is BORED!
 10879 | D:11     | Noticed a two-headed ogre
 10888 | D:11     | Killed a two-headed ogre
 10889 | D:11     | Reached skill level 5 in Fighting
 10954 | D:11     | Noticed a death knight
 10969 | D:11     | Killed a death knight
 10970 | D:11     | Reached skill level 4 in Dodging
 11031 | D:11     | Reached skill level 6 in Fighting
 11145 | D:11     | Reached skill level 5 in Dodging
 11207 | D:11     | Lost mutation: Your system is resistant to poisons. (rPois)
                  | [potion of mutation]
 11207 | D:11     | Lost mutation: Armour fits poorly on your strangely shaped
                  | body. [potion of mutation]
 11207 | D:11     | Lost mutation: Your skin changes colour to match your
                  | surroundings (Stealth+). [potion of mutation]
 11207 | D:11     | Lost mutation: You have very sharp teeth. [potion of
                  | mutation]
 11207 | D:11     | Gained mutation: Your muscles are strong. (Str +2) [potion
                  | of mutation]
 11207 | D:11     | Gained mutation: Your skin changes colour to match your
                  | surroundings (Stealth+). [potion of mutation]
 11386 | D:11     | Found a hazy altar of Hepliaklqana.
 11478 | D:12     | XOM: stealth player
 11478 | D:12     | Noticed a brown ugly thing
 11486 | D:12     | Noticed a two-headed ogre
 11578 | D:12     | Found a frozen archway.
 11633 | D:12     | XOM: cleaving
 11648 | D:12     | Gained mutation: You are powered by pain. [demonic
                  | ancestry]
 11648 | D:12     | Reached XP level 12. HP: 33/89 MP: 12/12
 11704 | IceCv    | Entered an ice cave
 11722 | IceCv    | Reached skill level 6 in Armour
 11990 | IceCv    | XOM: smoke on damage
 12258 | IceCv    | XOM: divination: magic mapping
 12572 | IceCv    | Reached skill level 7 in Armour
 12639 | IceCv    | XOM: potion effect (invisibility)
 12796 | IceCv    | XOM: divination: detect creatures
 12832 | IceCv    | Reached skill level 8 in Armour
 13198 | IceCv    | Got Kuacoh's Reference Book on Clay
 13199 | IceCv    | Identified a +1 crystal plate armour of cold resistance
 13210 | IceCv    | Identified a +1 leather armour of resistance
 13313 | D:12     | Killed a two-headed ogre
 13314 | D:12     | Reached skill level 9 in Armour
 13354 | D:12     | XOM: swap monsters
 13598 | D:12     | Reached skill level 10 in Armour
 13916 | D:9      | XOM: smoke on damage
 13940 | D:9      | XOM: fog
 14011 | D:9      | XOM: noise
 14164 | D:13     | Noticed a tengu warrior
 14177 | D:13     | Killed a tengu warrior
 14178 | D:13     | Reached skill level 11 in Armour
 14246 | D:13     | XOM: confuse monster(s)
 14249 | D:13     | XOM: divination: detect creatures
 14383 | D:13     | Noticed a tengu warrior
 14399 | D:13     | XOM: smoke on damage
 14407 | D:13     | Killed a tengu warrior
 14411 | D:13     | Reached XP level 13. HP: 60/94 MP: 13/13
 14532 | D:13     | XOM: polymorph blink frog -> shapeshifter
 14588 | D:13     | XOM is BORED!
 14588 | D:13     | XOM: give mutations
 14588 | D:13     | Lost mutation: Your muscles are strong. (Str +2) [Xom's
                  | mischief]
 14588 | D:13     | Lost mutation: You have sharp toenails. [Xom's mischief]
 14588 | D:13     | Gained mutation: You are somewhat resistant to further
                  | mutation. [Xom's mischief]
 14588 | D:13     | Gained mutation: Your body sometimes deteriorates upon
                  | taking damage. [Xom's mischief]
 14651 | D:13     | XOM: confuse monster(s)
 14689 | D:13     | XOM: cloud trail
 15139 | D:8      | Found a staircase to the Lair.
 15139 | D:8      | XOM: 4-stop teleportation journey
 15309 | D:8      | XOM: noise
 15389 | Lair:1   | Entered Level 1 of the Lair of Beasts
 15397 | Lair:1   | Reached skill level 12 in Armour
 15453 | Lair:1   | XOM: swap monsters
 15455 | Lair:1   | XOM: enchant monster (bad)
 15574 | Lair:1   | Noticed Gastronok
 15577 | Lair:1   | XOM: summons 1 hostile shadow creature
 15577 | Lair:1   | XOM: butterfly on damage
 15580 | Lair:1   | XOM: summons 2 hostile shadow creatures
 15584 | Lair:1   | XOM: confusion
 15585 | Lair:1   | XOM: snakes to sticks
 15731 | Lair:1   | Noticed Joseph
 15751 | Lair:1   | Killed Joseph
 15928 | Lair:1   | XOM: polymorph wolf -> rime drake
 16019 | Lair:1   | XOM: 1-stop teleportation journey
 16345 | Lair:1   | XOM: cloud trail
 16400 | Lair:2   | XOM: enchant monster (good)
 16406 | Lair:2   | Reached skill level 7 in Fighting
 16414 | Lair:2   | Reached skill level 13 in Armour
 16879 | Lair:2   | XOM: give mutations
 16879 | Lair:2   | Gained mutation: You have supernaturally acute eyesight.
                  | (SInv) [Xom's grace]
 16879 | Lair:2   | Lost mutation: You are somewhat resistant to further
                  | mutation. [Xom's grace]
 16879 | Lair:2   | Gained mutation: You have hidden genetic potential. [Xom's
                  | grace]
 16879 | Lair:2   | Gained mutation: You have sharp fingernails. [Xom's grace]
 16933 | Lair:2   | XOM: swap monsters
 16935 | Lair:2   | XOM: cast spell 'Leda's Liquefaction'
 16937 | Lair:2   | XOM: summons friendly quasit
 16939 | Lair:2   | Found a staircase to the Swamp.
 16956 | Lair:2   | Reached skill level 6 in Dodging
 16980 | Lair:2   | XOM: 8-stop teleportation journey
 17080 | Lair:2   | XOM: cloud trail
 17208 | Lair:2   | XOM: polymorph five-headed hydra -> catoblepas
 17221 | Lair:2   | XOM: cleaving
 17258 | Lair:2   | XOM: give mutation
 17258 | Lair:2   | Gained mutation: You are weak. (Str -2) [Xom's mischief]
 17297 | Lair:2   | XOM: scenery: create altars
 17478 | Lair:3   | XOM is BORED!
 17478 | Lair:3   | XOM: summons 2 hostile demons
 17605 | Lair:3   | XOM: give mutations
 17605 | Lair:3   | Lost mutation: You are weak. (Str -2) [Xom's grace]
 17605 | Lair:3   | Gained mutation: A frigid envelope surrounds you and
                  | freezes all who hurt you. [Xom's grace]
 17605 | Lair:3   | Gained mutation: Your muscles are strong. (Str +2) [Xom's
                  | grace]
 17626 | Lair:3   | Identified the +0 scale mail of the Flute {rPois Stlth+}
 17843 | Lair:3   | Identified the +0 robe of the Mordant Wumpus {rF+++ rCorr
                  | Str+4 Dex-2}
 18119 | Lair:4   | XOM: confuse monster(s)
 18129 | Lair:4   | XOM: fog
 18208 | Lair:4   | Identified a scroll of acquirement
 18208 | Lair:4   | Acquired the ring "Isuhaase" {Fire rElec rCorr Dex+5 SInv
                  | Stlth-}
 18251 | Lair:4   | Found a runed translucent door.
 18258 | Lair:4   | Noticed Xutikh's ghost (journeyman SpCA)
 18309 | Lair:4   | XOM: scenery: create altars
 18477 | Lair:4   | XOM: scenery: create altars
 18523 | Lair:4   | XOM: enchant monster (good)
 18524 | Lair:4   | Reached skill level 8 in Fighting
 18559 | Lair:4   | Gained mutation: Your movements are less encumbered by
                  | armour. (ER -4) [demonic ancestry]
 18559 | Lair:4   | Reached XP level 14. HP: 105/105 MP: 14/14
 18722 | Lair:4   | XOM: blink monster(s)
 18767 | Lair:4   | Found a hole to the Spider Nest.
 18770 | Lair:4   | XOM: give mutation
 18770 | Lair:4   | Gained mutation: Your magical capacity is low. (-10% MP)
                  | [Xom's mischief]
 19147 | Lair:5   | XOM: summons 8 hostile demons
 19189 | Lair:5   | Reached skill level 14 in Armour
 19189 | Lair:5   | XOM: enchant monster (good)
 19206 | Lair:5   | Reached skill level 7 in Dodging
 19218 | Lair:5   | XOM: god gift: scroll of amnesia
 19338 | Lair:5   | Found a runed translucent door.
 19338 | Lair:5   | Found a viscous altar of Jiyva.
 19338 | Lair:5   | Noticed an acid blob
 19339 | Lair:5   | Found a staircase to the Slime Pits.
 19339 | Lair:5   | Noticed an acid blob
 19339 | Lair:5   | Noticed an acid blob
 19375 | Lair:5   | XOM: cleaving
 19409 | Lair:5   | Found a dark tunnel.
 19418 | Volcano  | Entered a volcano
 19421 | Volcano  | XOM: divination: detect creatures
 19532 | Lair:5   | XOM: 4-stop teleportation journey
 19726 | Lair:5   | XOM: noise
 19728 | Lair:5   | XOM: give mutations
 19728 | Lair:5   | Gained mutation: Your body often deteriorates upon taking
                  | damage. [Xom's mischief]
 19728 | Lair:5   | Lost mutation: A frigid envelope surrounds you and freezes
                  | all who hurt you. [Xom's mischief]
 19728 | Lair:5   | Gained mutation: You are frail. (-10% HP) [Xom's mischief]
 19728 | Lair:5   | Lost mutation: You have hidden genetic potential. [Xom's
                  | mischief]
 20384 | Lair:6   | Entered Level 6 of the Lair of Beasts
 20385 | Lair:6   | XOM: blink monster(s)
 20451 | Lair:6   | XOM: 4-stop teleportation journey
 20461 | Lair:6   | XOM: fog
 20464 | Lair:6   | XOM: enchant monster (good)
 20621 | Lair:6   | Reached skill level 16 in Maces & Flails
 20702 | Lair:6   | Noticed Vayczud's ghost (journeyman TrMo)
 20747 | Lair:6   | Found a transporter.
 20758 | Lair:6   | Found a transporter.
 20759 | Lair:6   | Found a bloodstained altar of Trog.
 20772 | Lair:6   | XOM: divination: magic mapping
 20929 | Lair:6   | Reached skill level 15 in Armour
 21076 | Lair:6   | XOM: enchant monster (bad)
 21206 | Lair:6   | XOM: give mutations
 21206 | Lair:6   | Lost mutation: Your magical capacity is low. (-10% MP)
                  | [Xom's mischief]
 21206 | Lair:6   | Lost mutation: Your body often deteriorates upon taking
                  | damage. [Xom's mischief]
 21206 | Lair:6   | Gained mutation: Your mind is acute. (Int +2) [Xom's
                  | mischief]
 21235 | Lair:6   | XOM: summons 5 hostile demons
 21374 | Lair:6   | XOM: give mutations
 21374 | Lair:6   | Gained mutation: You are strong-willed. (Will+) [Xom's
                  | grace]
 21374 | Lair:6   | Gained mutation: You have very sharp fingernails. [Xom's
                  | grace]
 21607 | Lair:6   | XOM: give mutations
 21607 | Lair:6   | Gained mutation: You are somewhat resistant to further
                  | mutation. [Xom's grace]
 21607 | Lair:6   | Gained mutation: Your flesh is heat resistant. (rF+) [Xom's
                  | grace]
 21607 | Lair:6   | Gained mutation: You are somewhat resistant to both further
                  | mutation and mutation removal. [Xom's grace]
 21607 | Lair:6   | Gained mutation: You are agile. (Dex +2) [Xom's grace]
 21717 | Lair:2   | XOM: give mutations
 21717 | Lair:2   | Lost mutation: You are frail. (-10% HP) [Xom's mischief]
 21717 | Lair:2   | Lost mutation: You are somewhat resistant to both further
                  | mutation and mutation removal. [Xom's mischief]
 21748 | Lair:1   | XOM: summons 8 hostile demons
 21800 | Lair:1   | Killed Gastronok
 22071 | D:14     | XOM: cast spell 'Leda's Liquefaction'
 22078 | D:14     | XOM: summons 14 friendly demons
 22213 | D:14     | XOM: 1-stop teleportation journey
 22253 | D:14     | XOM: god gift: staff of air
 22288 | D:14     | XOM: summons 9 friendly demons
 22371 | D:14     | Noticed Louise
 22371 | D:14     | XOM: divination: detect items
 22388 | D:14     | Killed Louise
 22406 | D:14     | Reached XP level 15. HP: 100/112 MP: 15/15
 22594 | Orc:1    | Entered Level 1 of the Orcish Mines
 22671 | Orc:1    | XOM: enchant monster (good)
 22693 | Orc:1    | XOM: blink monster(s)
 22769 | Orc:1    | Noticed Sonja
 22776 | Orc:1    | Killed Sonja
 22834 | Orc:1    | XOM: give mutations
 22834 | Orc:1    | Lost mutation: You have supernaturally acute eyesight.
                  | (SInv) [Xom's mischief]
 22834 | Orc:1    | Gained mutation: You are frail. (-10% HP) [Xom's mischief]
 22834 | Orc:1    | Lost mutation: You are frail. (-10% HP) [Xom's mischief]
 22834 | Orc:1    | Lost mutation: You are agile. (Dex +2) [Xom's mischief]
 22889 | Orc:1    | XOM: 1-stop teleportation journey
 22989 | Orc:1    | XOM: 4-stop teleportation journey
 23105 | Orc:2    | Entered Level 2 of the Orcish Mines
 23227 | Orc:2    | XOM: give mutation
 23227 | Orc:2    | Lost mutation: Your body sometimes deteriorates upon taking
                  | damage. [Xom's mischief]
 23382 | Orc:2    | Found a staircase to the Elven Halls.
 23614 | Orc:2    | Reached skill level 17 in Maces & Flails
 23622 | Orc:2    | Found Giturr's Magic Scroll Emporium.
 23630 | Orc:2    | XOM: enchant monster (bad)
 23783 | Orc:2    | Paralysed by an orc sorcerer for 5 turns
 23784 | Orc:2    | XOM: blink monster(s)
 23851 | Orc:2    | XOM: enchant monster (good)
 23895 | Orc:2    | XOM: enchant monster (good)
 24046 | Orc:2    | Found Ude Keen's Distillery.
 24053 | Orc:2    | Found Denukhu's Book Shop.
 24066 | Orc:2    | Found Haabonex's Assorted Antiques.
 24084 | Orc:2    | Bought a scroll of magic mapping for 98 gold pieces
 24084 | Orc:2    | Bought a scroll of teleportation for 84 gold pieces
 24094 | Orc:2    | Bought a potion of curing for 36 gold pieces
 24094 | Orc:2    | Bought a potion of curing for 36 gold pieces
 24094 | Orc:2    | Bought a potion of curing for 36 gold pieces
 24096 | Orc:2    | Bought a scroll of enchant weapon for 97 gold pieces
 24096 | Orc:2    | Bought a scroll of brand weapon for 260 gold pieces
 24096 | Orc:2    | Bought a scroll of holy word for 97 gold pieces
 24096 | Orc:2    | Bought a scroll of teleportation for 39 gold pieces
 24096 | Orc:2    | Bought a scroll of magic mapping for 45 gold pieces
 24096 | Orc:2    | Bought 3 scrolls of fog for 78 gold pieces
 24115 | Orc:2    | XOM: potion effect (curing)
 24156 | Orc:2    | XOM: god gift: scroll of vulnerability
 24364 | Orc:1    | Noticed Urug
 24378 | Orc:2    | Killed Urug
 24804 | D:13     | XOM: potion effect (curing)
 24811 | D:13     | XOM: potion effect (heal wounds)
 24814 | D:13     | XOM: potion effect (haste)
 24821 | D:13     | XOM: silly message
 24826 | D:13     | XOM: potion effect (haste)
 24827 | D:13     | XOM: silly message
 24952 | D:13     | Found a gate to the Vaults.
 25014 | D:13     | XOM: summons 6 hostile demons
 25015 | D:13     | Identified the +2 scale mail of Untold Secrets {Str+6}
 25024 | D:13     | XOM: summons 7 hostile demons
 25084 | D:15     | Entered Level 15 of the Dungeon
 25127 | D:15     | Found a stormy altar of Qazlal.
 25166 | D:15     | XOM: enchant monster (bad)
 25205 | D:15     | Reached skill level 18 in Maces & Flails
 25231 | D:15     | XOM: fake destruction
 25270 | D:15     | XOM: confuse monster(s)
 25271 | D:15     | Found a staircase to the Depths.
 25278 | D:15     | XOM: confuse monster(s)
 25459 | D:14     | XOM: god gift: 6 gold pieces
 25802 | D:15     | XOM: 2-stop teleportation journey
 25810 | D:15     | XOM: polymorph green ugly thing -> white ugly thing
 25818 | D:15     | XOM: potion effect (curing)
 25826 | D:15     | XOM: cast spell 'Statue Form'
 25891 | D:15     | XOM: give mutations
 25891 | D:15     | Lost mutation: Your skin changes colour to match your
                  | surroundings (Stealth+). [Xom's mischief]
 25891 | D:15     | Gained mutation: Your body sometimes deteriorates upon
                  | taking damage. [Xom's mischief]
 25937 | D:15     | XOM: confuse monster(s)
 26270 | D:15     | XOM: draining
 26358 | D:15     | XOM: god gift: Rudugg's Grimoire of Lethal Summoning {god
                  | gift}
 26359 | D:15     | Got Rudugg's Grimoire of Lethal Summoning {god gift}
 26515 | D:15     | >>shit
 26718 | Lair:2   | XOM: give mutations
 26718 | Lair:2   | Gained mutation: Your magical capacity is low. (-10% MP)
                  | [Xom's mischief]
 26718 | Lair:2   | Lost mutation: You are somewhat resistant to further
                  | mutation. [Xom's mischief]
 26718 | Lair:2   | Gained mutation: You are clumsy. (Dex -2) [Xom's mischief]
 26744 | Lair:2   | XOM: noise
 26756 | Swamp:1  | Entered Level 1 of the Swamp
 26757 | Swamp:1  | Noticed Mlioglotl
 26928 | Lair:2   | XOM: summons 8 hostile demons
 26973 | Lair:2   | XOM: summons friendly white imp
 26977 | Lair:2   | Noticed a tentacled starspawn
 26979 | Lair:2   | XOM: smoke on damage
 26984 | Lair:2   | Killed Mlioglotl
 26985 | Lair:2   | Reached skill level 19 in Maces & Flails
 27063 | Lair:2   | XOM: noise
 27074 | Lair:2   | XOM: polymorph swamp drake -> water moccasin
 27077 | Lair:2   | XOM: noise
 27300 | Lair:2   | XOM: silly message
 27305 | Lair:2   | XOM: chaos upgrade
 27308 | Lair:2   | XOM: summons friendly ufetubus
 27370 | Lair:2   | XOM: silly message
 27477 | Swamp:1  | Noticed Jorgrun
 27496 | Swamp:1  | Killed Jorgrun
 27580 | Swamp:1  | XOM: noise
 27584 | Swamp:1  | Reached XP level 16. HP: 105/118 MP: 14/14
 27590 | Swamp:1  | Noticed Nikola
 27591 | Swamp:1  | >>CMON
 27592 | Swamp:1  | XOM: confuse monster(s)
 27613 | Swamp:1  | XOM: confuse monster(s)
 27617 | Swamp:1  | Killed Nikola
 27712 | Swamp:1  | Noticed a tentacled monstrosity
 27722 | Swamp:1  | Killed a tentacled monstrosity
 27732 | Swamp:1  | XOM: silly message
 27846 | Swamp:1  | XOM: god gift: staff of earth
 27873 | Swamp:2  | XOM: summons 2 friendly demons
 27874 | Swamp:2  | XOM: divination: detect creatures
 27877 | Swamp:2  | XOM: enchant monster (bad)
 27883 | Swamp:2  | Paralysed by a fenstrider witch for 6 turns
 27885 | Swamp:2  | HP: 1/118 [spriggan rider (14)]
 27885 | Swamp:2  | Mangled by a tyrant leech

Vanquished Creatures
  Nikola (Swamp:1)
  Jorgrun (Swamp:1)
  A tentacled monstrosity (Swamp:1)
  Mlioglotl (Lair:2)
  Gastronok (Lair:1)
  Louise (D:14)
  A caustic shrike zombie (D:15)
  A juggernaut zombie (D:15)
  7 hydras
  A boulder beetle (D:14)
  3 vault guards (D:13)
  An ogre mage (D:13)
  Erica (D:9)
  4 centaur warriors
  A catoblepas (Lair:2)
  A death knight (D:11)
  5 death yaks
  2 two-headed ogres
  An alligator (Swamp:1)
  4 tengu warriors
  4 orc high priests
  Urug (Orc:2)
  Sonja (Orc:1)
  4 slime creatures (D:14)
  2 skeletal warriors (D:15)
  A spriggan druid (Lair:2)
  5 bog bodies
  A swamp dragon (Lair:2)
  3 deep elf pyromancers
  7 orc knights
  A wizard (D:15)
  A will-o-the-wisp (Swamp:2)
  7 cyclopes
  5 orc sorcerers
  6 ugly things
  A stone giant zombie (D:15)
  12 elephants (Lair:5)
  A torpor snail (Lair:6)
  Joseph (Lair:1)
  2 ice statues
  5 black mambas
  13 cane toads
  A gargoyle (Volcano)
  2 yaktaurs (D:13)
  4 rime drakes
  An efreet (D:14)
  A komodo dragon (shapeshifter) (D:13)
  11 komodo dragons
  An anaconda simulacrum (IceCv)
  3 entropy weaver simulacra (IceCv)
  8 ice devils
  2 tengu conjurers
  5 trolls
  A wolf spider simulacrum (D:15)
  3 jumping spiders (Lair:4)
  An ettin zombie (D:15)
  A tyrant leech (Swamp:1)
  5 hornets
  14 blink frogs
  5 dream sheep (Lair:4)
  A spriggan (shapeshifter) (D:13)
  3 spriggans
  A wraith (D:9)
  2 dire elephant simulacra (IceCv)
  Eustachio (D:6)
  6 redbacks (Lair:4)
  53 yaks
  2 wyverns
  14 vampire mosquitoes
  2 basilisks (Lair:1)
  3 death yak simulacra
  3 steam dragons
  7 swamp worms
  5 wargs
  2 harpy simulacra (IceCv)
  An acid dragon (Lair:6)
  18 water moccasins
  A meliai simulacrum (D:15)
  3 swamp drakes
  2 ice beasts
  10 ogres
  A black bear (D:7)
  2 sky beasts
  31 orc warriors
  16 wolves
  3 necrophages
  6 centaurs
  2 lemures (D:8)
  11 bullfrogs
  A gnoll sergeant (D:9)
  3 two-headed ogre simulacra (IceCv)
  2 cane toad simulacra (IceCv)
  A scorpion (Lair:1)
  2 water moccasin zombies (D:6)
  2 water moccasin skeletons (D:5)
  An elephant simulacrum (IceCv)
  4 killer bees
  7 wights
  4 howler monkeys
  5 centaur zombies
  26 orc priests
  A gnoll shaman (D:8)
  A jelly (D:7)
  A bullfrog skeleton (D:5)
  A hound (D:6)
  Terence (D:3)
  6 iguanas
  Natasha (thrice) (D:3)
  24 orc wizards
  7 hell rats (Lair:6)
  7 troll simulacra
  8 spriggan simulacra (IceCv)
  A wolf simulacrum (IceCv)
  4 howler monkey zombies
  9 gnolls
  7 naga simulacra
  4 adders
  5 river rats (D:8)
  A shadow imp (D:6)
  9 white imps (IceCv)
  12 ufetubi
  A worm (D:2)
  5 dart slugs
  85 orcs
  10 endoplasms
  2 giant cockroaches
  16 goblins
  6 hobgoblins
  9 kobolds
  3 quokkas
  8 ball pythons
  4 bats
  12 frilled lizards
  10 rats
  A spectral orc (D:10)
746 creatures vanquished.

Vanquished Creatures (collateral kills)
  A fire dragon (Lair:6)
  2 two-headed ogres
  A tengu warrior (D:9)
  A death yak (D:8)
  A vampire mage (D:15)
  2 orc knights
  A necromancer (D:15)
  Pikel (D:7)
  A kobold demonologist (D:12)
  A gargoyle (D:9)
  A rime drake (Lair:6)
  A komodo dragon (Lair:6)
  A tengu conjurer (D:13)
  2 blink frogs (Lair:6)
  A slime creature (D:14)
  A vampire (D:9)
  4 yaks
  A death yak simulacrum (IceCv)
  A wolf (Lair:1)
  3 centaurs
  A cane toad simulacrum (IceCv)
  2 killer bees (D:8)
  An elephant simulacrum (IceCv)
  Jessica (D:3)
  2 iguanas
  2 gnolls
  4 orcs
  A goblin (Bailey)
  A kobold (D:4)
43 creatures vanquished.

Vanquished Creatures (others)
  A swamp dragon (Lair:6)
  A rime drake (Lair:6)
  An ogre (D:5)
  An orc priest (Orc:1)
  An ufetubus (D:9)
  23 fungi
  47 plants
  7 withered plants (D:15)
82 creatures vanquished.

Grand Total: 871 creatures vanquished

Table legend: (Time is in decaauts)
 A = Elapsed time spent in this place.
 B = Non-inter-level travel time spent in this place.
 C = Inter-level travel time spent in this place.
 D = Time resting spent in this place.
 E = Time spent auto-exploring this place.
 F = Levels seen in this place.
 G = Mean time per level.
                   A        B        C        D        E       F      G
               +--------+--------+--------+--------+--------+-----+--------+
         Total |  26984 |  24425 |   2559 |   3169 |  15918 |  28 |  963.7 |
       Dungeon |  16269 |  14224 |   2045 |   1621 |   9572 |  15 | 1084.6 |
          Lair |   6645 |   6310 |    335 |    724 |   4444 |   6 | 1107.5 |
         Swamp |    522 |    494 |     28 |     90 |    261 |   2 |  261.0 |
  Orcish Mines |   1903 |   1753 |    150 |    230 |   1006 |   2 |  951.5 |
        Bailey |    142 |    142 |      0 |     18 |     24 |   1 |  142.0 |
      Ice Cave |   1432 |   1432 |      0 |    486 |    610 |   1 | 1432.0 |
       Volcano |     68 |     68 |      0 |      0 |      0 |   1 |   68.0 |
               +--------+--------+--------+--------+--------+-----+--------+

Top non-repeatable levels by time:
     D:9: 1780 daAuts
  Lair:2: 1642 daAuts
   IceCv: 1432 daAuts
     D:1: 1398 daAuts
     D:3: 1339 daAuts
     D:4: 1238 daAuts
    D:15: 1215 daAuts
     D:2: 1177 daAuts
   Orc:2: 1167 daAuts
  Lair:5: 1137 daAuts
  Lair:6: 1118 daAuts
    D:10: 1087 daAuts
    D:13: 1076 daAuts
     D:7: 1056 daAuts
  Lair:1: 1036 daAuts

Table legend:
 A = Non-vault XP
 B = Vault XP
 C = Vault XP percentage of total XP
 D = Non-vault monster count
 E = Vault monster count
 F = Vault count percentage of total count
                 A         B        C        D         E       F
            +---------+---------+-------+---------+---------+-------
      Total |   97834 |   62426 |  39.0 |     518 |     271 |  34.3
            +---------+---------+-------+---------+---------+-------
        D:1 |      42 |       0 |   0.0 |      25 |       0 |   0.0
        D:2 |      38 |       0 |   0.0 |      18 |       0 |   0.0
        D:3 |     258 |     120 |  31.7 |      22 |      13 |  37.1
        D:4 |     201 |       0 |   0.0 |      13 |       0 |   0.0
        D:5 |    1757 |       0 |   0.0 |      19 |       0 |   0.0
        D:6 |     973 |     208 |  17.6 |      15 |       1 |   6.2
        D:7 |     421 |     648 |  60.6 |       7 |       5 |  41.7
        D:8 |     757 |    2990 |  79.8 |      25 |      36 |  59.0
        D:9 |    3405 |    6786 |  66.6 |      24 |      26 |  52.0
       D:10 |    1923 |       1 |   0.1 |      13 |       1 |   7.1
       D:11 |    3975 |       0 |   0.0 |      11 |       0 |   0.0
       D:12 |    4729 |     336 |   6.6 |      20 |       8 |  28.6
       D:13 |    3618 |    6173 |  63.0 |       7 |      10 |  58.8
       D:14 |    9154 |    1199 |  11.6 |      24 |       1 |   4.0
       D:15 |    8803 |    7544 |  46.1 |      18 |      10 |  35.7
     Lair:1 |    7370 |    1921 |  20.7 |      36 |       2 |   5.3
     Lair:2 |   10402 |    2424 |  18.9 |      33 |       6 |  15.4
     Lair:3 |    2197 |       0 |   0.0 |      10 |       0 |   0.0
     Lair:4 |    6690 |    2187 |  24.6 |      29 |       9 |  23.7
     Lair:5 |    6800 |    3049 |  31.0 |      22 |       7 |  24.1
     Lair:6 |   13237 |    3339 |  20.1 |      44 |      13 |  22.8
    Swamp:1 |    4284 |    4488 |  51.2 |       7 |       2 |  22.2
    Swamp:2 |    1287 |       0 |   0.0 |       2 |       0 |   0.0
      Orc:1 |    2953 |    2415 |  45.0 |      28 |      23 |  45.1
      Orc:2 |    2560 |    9048 |  77.9 |      46 |      26 |  36.1
     Bailey |       0 |    1240 | 100.0 |       0 |      16 | 100.0
      IceCv |       0 |    5895 | 100.0 |       0 |      55 | 100.0
    Volcano |       0 |     415 | 100.0 |       0 |       1 | 100.0
            +---------+---------+-------+---------+---------+-------
